 Dungeon Crawl Stone Soup version 0.32-a0-899-geb5ba95 (webtiles) character file.

Game seed: 13989263853658000166

618439 diche the Skinwalker (level 27, -2/195 HPs)
             Began as an Octopode Shapeshifter on Apr 4, 2024.
             Was the Champion of the Shining One.
             Slain by Cerebov
             ... wielding the +6 sword of Cerebov {flame}
              (45 damage)
             ... in Pandemonium.
             The game lasted 02:42:00 (76300 turns).

diche the Skinwalker (Octopode Shapeshifter)       Turns: 76300, Time: 02:42:00

Health: -2/195     AC: 16    Str: 16    XL:     27
Magic:  0/41       EV: 60    Int: 28    God:    the Shining One [******]
Gold:   1711       SH: 10    Dex: 28    Spells: 39/54 levels left

rFire   + +          .
                       - Unarmed
rCold   + + .        (shield currently unavailable)
rNeg    + + +        (helmet currently unavailable)
rPois   ∞            o - amulet of regeneration
rElec   +            Z - ring of the Hare {EV+10}
rCorr   +            q - +4 ring of protection
SInv    +            v - ring of protection from cold
Will    ++++.        y - ring "Yvosak" {rF+ Will- rCorr Str+5 SInv}
Stlth   ++           V - ring "Oqungesu" {rF+ rN+ Will+}
HPRegen 1.32/turn    t - ring of the Mage {Wiz Archmagi}
MPRegen 0.27/turn    w - ring of Doors {rCorr Int+3 Slay+2}
                     C - ring of Wucof {Will+ Int+6 Dex+3}

%: wizardry (x1), archmagi
@: mighty, divinely shielded, storm-form, resistant, fire vulnerable, flying,
hasted, glowing, studying 6 skills, very quick
A: cleaving, insubstantial, flying, almost no armour, amphibious, 8 rings,
(camouflage 1), (gelatinous body 1), (nimble swimmer 1), (tentacles), agile 1,
clever 1, strong-willed 1, mutation resistance 1, inability to drink after
injury 1
}: 4/15 runes: barnacled, slimy, silver, gossamer
a: Blinkbolt, Begin Untransformation, Renounce Religion, Divine Shield,
Cleansing Flame, Summon Divine Warrior, Brand Weapon With Holy Wrath


You were in Pandemonium.
You worshipped the Shining One.
The Shining One was exalted by your worship.
You were a lightning-filled tempest!
You visited 12 branches of the dungeon, and saw 52 of its levels.
You visited Pandemonium 1 time, and saw 3 of its levels.
You also visited: Trove, Gauntlet, Ice Cave and Desolation.

You collected 31729 gold pieces.
You spent 6452 gold pieces at shops.
You paid 23566 gold pieces to Gozag.

Inventory:

Missiles
 b - 33 curare-tipped darts
 u - 7 throwing nets
Jewellery
 e - a +4 ring of protection
 g - the ring of the Madman {Ice rElec Str-4 Int+4 SInv}
   (You took it off Josephina on level 3 of the Crypt)

   [ring of ice]

   Ice:       It enhances your ice magic.
   Str-4:     It affects your strength (-4).
   Int+4:     It affects your intelligence (+4).
   rF-:       It makes you vulnerable to fire.
   rC+:       It protects you from cold.
   rElec:     It insulates you from electricity.
   SInv:      It lets you see invisible.
 o - an amulet of regeneration (around neck)
 q - a +4 ring of protection (right tentacle)
 t - the ring of the Mage (on tentacle) {Wiz Archmagi}
   (You found it on level 3 of the Lair of Beasts)

   [ring of wizardry]

   Wiz:       It improves your spell success rate.
   Archmagi:  It increases the power of your magical spells.
 v - a ring of protection from cold (on tentacle)
 w - the ring of Doors (on tentacle) {rCorr Int+3 Slay+2}
   (You bought it in a shop on level 2 of the Orcish Mines)

   [ring of resist corrosion]

   Int+3:     It affects your intelligence (+3).
   Slay+2:    It affects your accuracy & damage with ranged weapons and melee
   (+2).
   rCorr:     It protects you from acid and corrosion.
 y - the ring "Yvosak" (on tentacle) {rF+ Will- rCorr Str+5 SInv}
   (You bought it in a shop on level 1 of the Lair of Beasts)

   [ring of see invisible]

   Str+5:     It affects your strength (+5).
   rF+:       It protects you from fire.
   Will-:     It decreases your willpower.
   SInv:      It lets you see invisible.
   rCorr:     It protects you from acid and corrosion.
 C - the ring of Wucof (on tentacle) {Will+ Int+6 Dex+3}
   (You found it on level 7 of the Dungeon)

   [ring of intelligence]

   Int+6:     It affects your intelligence (+6).
   Dex+3:     It affects your dexterity (+3).
   Will+:     It increases your willpower.
 H - the ring of Qipiem {rPois rF++ Will+ Dex-4}
   (You found it on level 15 of the Dungeon)

   [ring of poison resistance]

   Dex-4:     It affects your dexterity (-4).
   rF++:      It greatly protects you from fire.
   rPois:     It protects you from poison.
   Will+:     It increases your willpower.
 V - the ring "Oqungesu" (on tentacle) {rF+ rN+ Will+}
   (You bought it in a shop on level 1 of the Lair of Beasts)

   [ring of willpower]

   rF+:       It protects you from fire.
   rN+:       It protects you from negative energy.
   Will+:     It increases your willpower.
 Z - the ring of the Hare (left tentacle) {EV+10}
   (You found it on level 2 of the Depths)

   [ring of evasion]

   EV+10:     It affects your evasion (+10).
Talismans
 E - a storm talisman (active)
Wands
 J - a wand of digging (34)
 O - a wand of quicksilver (47)
 T - a wand of warping (51)
Scrolls
 d - 10 scrolls of immolation
 f - 4 scrolls of silence
 i - 23 scrolls of teleportation
 l - 5 scrolls of blinking
 r - 30 scrolls of identify
 s - 5 scrolls of poison
 z - 6 scrolls of fear
 A - 7 scrolls of revelation
 B - 14 scrolls of fog
 I - 10 scrolls of enchant armour
 R - 8 scrolls of amnesia
 Y - 3 scrolls of summoning
Potions
 h - 8 potions of resistance
 j - 5 potions of cancellation
 k - 15 potions of attraction
 m - 8 potions of lignification
 n - 12 potions of heal wounds
 p - 3 potions of magic
 x - 7 potions of haste
 D - 7 potions of ambrosia
 F - 9 potions of enlightenment
 G - 8 potions of invisibility
 M - 5 potions of berserk rage
 P - 7 potions of brilliance
 Q - 26 potions of curing
 S - 12 potions of might
 U - 6 potions of mutation
Miscellaneous
 a - a box of beasts
 L - a phantom mirror (inert) (quivered)
 W - a Gell's gravitambourine (2/2)
 X - a condenser vane


   Skills:
 - Level 18.0 Fighting
 - Level 18.0 Dodging
 - Level 4.0 Stealth
 - Level 18.0 Unarmed Combat
 - Level 14.0 Spellcasting
 - Level 20.4 Translocations
 + Level 20.8 Ice Magic
 * Level 10.3 Invocations
 - Level 23.0 Shapeshifting


You had 39 spell levels left.
You knew the following spells:

 Your Spells              Type           Power      Damage    Failure   Level
a - Vhi's Electric Charg  Tloc/Air       100%       N/A       1%          4
b - Manifold Assault      Tloc           58%        N/A       1%          7
c - Passage of Golubria   Tloc           100%       N/A       0%          4

Your spell library contained the following spells:

 Spells                   Type           Power      Damage    Failure   Level
 Apportation              Tloc           100%       N/A       0%          1
 Lesser Beckoning         Tloc           100%       N/A       0%          2
 Frozen Ramparts          Ice            100%       1d16      0%          3
 Maxwell's Portable Pile  Tloc           100%       2d(15-43) 0%          3
 Ozocubu's Armour         Ice            100%       N/A       0%          3
 Teleport Other           Tloc           100%       N/A       0%          3
 Kiss of Death            Conj/Necr      100%       2d13      1%          1
 Necrotise                Necr           100%       1d9       1%          1
 Sandblast                Erth           58%        2d13      1%          1
 Slow                     Hex            100%       N/A       1%          1
 Sting                    Conj/Alch      100%       1d9       1%          1
 Summon Small Mammal      Summ           100%       N/A       1%          1
 Call Imp                 Summ           58%        N/A       1%          2
 Cigotuvi's Dreadful Rot  Necr/Alch/Air  58%        N/A       1%          2
 Ensorcelled Hibernation  Hex/Ice        100%       N/A       1%          2
 Jinxbite                 Hex            58%        N/A       1%          2
 Mercury Vapours          Alch/Air       58%        N/A       1%          2
 Momentum Strike          Conj/Tloc      100%       3d10      1%          2
 Static Discharge         Conj/Air       58%        3-6/arc   1%          2
 Hailstorm                Conj/Ice       87%        3d14      1%          3
 Summon Ice Beast         Ice/Summ       87%        N/A       1%          3
 Volatile Blastmotes      Fire/Tloc      100%       2d18      1%          3
 Dimensional Bullseye     Hex/Tloc       43%        N/A       1%          4
 Iskenderun's Mystic Bla  Conj/Tloc      86%        2d17      (+2d91%     4
 Freezing Cloud           Conj/Ice/Air   36%        6-21      1%          5
 Summon Forest            Summ/Tloc      43%        N/A       1%          5
 Dispersal                Tloc           58%        N/A       1%          6
 Gell's Gavotte           Tloc           58%        2d(37-55) 1%          6
 Ozocubu's Refrigeration  Ice            58%        4d20      1%          7
 Disjunction              Tloc           58%        N/A       1%          8
 Permafrost Eruption      Ice/Erth       43%        2x4d10    2%          6
 Sculpt Simulacrum        Ice/Alch       43%        N/A       2%          6
 Call Canine Familiar     Summ           29%        N/A       3%          3
 Confusing Touch          Hex            29%        N/A       3%          3
 Dazzling Flash           Conj/Hex       58%        N/A       3%          3
 Fugue of the Fallen      Necr           29%        N/A       3%          3
 Inner Flame              Hex/Fire       29%        N/A       3%          3
 Passwall                 Erth           29%        N/A       3%          3
 Sigil of Binding         Hex            29%        N/A       3%          3
 Stone Arrow              Conj/Erth      58%        3d10      3%          3
 Swiftness                Air            29%        N/A       3%          3
 Tukima's Dance           Hex            29%        N/A       3%          3
 Vampiric Draining        Necr           29%        2d8       3%          3
 Airstrike                Air            14%        2d(3-19)  11%         4
 Anguish                  Hex/Necr       14%        N/A       11%         4
 Animate Dead             Necr           29%        N/A       11%         4
 Brom's Barrelling Bould  Conj/Erth      29%        2d5       11%         4
 Cause Fear               Hex            14%        N/A       11%         4
 Dispel Undead            Necr           29%        3d13      11%         4
 Flame Wave               Conj/Fire      29%        2d9       11%         4
 Fulminant Prism          Conj/Alch      14%        3d8       11%         4
 Ignite Poison            Fire/Alch      29%        N/A       11%         4
 Martyr's Knell           Necr/Summ      29%        N/A       11%         4
 Olgreb's Toxic Radiance  Alch           29%        N/A       11%         4
 Petrify                  Alch/Erth      29%        N/A       11%         4
 Sticky Flame             Fire/Alch      29%        2d7       11%         4
 Summon Blazeheart Golem  Fire/Summ      29%        N/A       11%         4
 Summon Lightning Spire   Summ/Air       29%        N/A       11%         4
 Malign Gateway           Summ/Tloc      43%        N/A       14%         7
 Alistair's Intoxication  Alch           19%        N/A       28%         5
 Arcjolt                  Conj/Air       14%        1d24      28%         5
 Borgnjor's Vile Clutch   Necr/Erth      14%        N/A       28%         5
 Curse of Agony           Necr           29%        N/A       28%         5
 Fireball                 Conj/Fire      14%        3d8       28%         5
 Irradiate                Conj/Alch      14%        3d16      28%         5
 Iskenderun's Battlesphe  Conj           29%        2d8       28%         5
 Lee's Rapid Deconstruct  Erth           14%        3d9*      28%         5
 Silence                  Hex/Air        14%        N/A       28%         5
 Summon Mana Viper        Hex/Summ       29%        N/A       28%         5
 Yara's Violent Unravell  Hex/Alch       14%        3d7       28%         5
 Bombard                  Conj/Erth      14%        9d3       82%         6
 Conjure Ball Lightning   Conj/Air       14%        3x3d6     82%         6
 Death Channel            Necr           14%        N/A       82%         6
 Plasma Beam              Fire/Air       14%        2x1d25    82%         6
 Starburst                Conj/Fire      14%        6d6       82%         6
 Summon Cactus Giant      Summ           14%        N/A       82%         6
 Enfeeble                 Hex            14%        N/A       100%        7
 Haunt                    Necr/Summ      14%        N/A       100%        7
 Monstrous Menagerie      Summ           14%        N/A       100%        7
 Orb of Destruction       Conj           14%        9d7       100%        7
 Spellforged Servitor     Conj/Summ      14%        N/A       100%        7
 Summon Hydra             Summ           14%        N/A       100%        7
 Borgnjor's Revivificati  Necr           14%        N/A       100%        8
 Discord                  Hex            14%        N/A       100%        8
 Ignition                 Fire           14%        3d6       100%        8
 Lehudib's Crystal Spear  Conj/Erth      14%        10d5      100%        8
 Maxwell's Capacitive Co  Air            14%        ∞         100%        8
 Summon Horrible Things   Summ           14%        N/A       100%        8
 Death's Door             Necr           14%        N/A       100%        9
 Dragon's Call            Summ           14%        N/A       100%        9
 Fire Storm               Conj/Fire      14%        8d4       100%        9
 Sublimation of Blood     Necr           Unusable   N/A       N/A         2
 Animate Armour           Summ/Erth      Unusable   N/A       N/A         4

Dungeon Overview and Level Annotations

Branches:
Dungeon (15/15)            Temple (1/1) D:6            Lair (5/5) D:8
 Shoals (4/4) Lair:2       Spider (4/4) Lair:2        Slime (5/5) Lair:5
    Orc (2/2) D:11            Elf (3/3) Orc:2        Vaults (5/5) D:13
  Crypt (3/3) Vaults:2       Tomb (0/3) Crypt:3      Depths (4/4) D:15
   Hell (visited)             Dis (0/7) Hell            Geh (0/7) Hell
    Coc (0/7) Hell            Tar (0/7) Hell            Zot (0/5) Depths:4
  IceCv (visited)         Desolation (visited)      Gauntlet (visited)

Altars:
Ashenzari
Cheibriados
Dithmenos
Elyvilon
Fedhas
Gozag
Hepliaklqana
Kikubaaqudgha
Makhleb
Nemelex Xobeh
Okawaru
Qazlal
Ru
Sif Muna
Trog
Uskayaw
Vehumet
Wu Jian
Xom
Yredelemnul
Zin
The Shining One
Beogh
Jiyva

Shops:
D:4 ?[?   Orc:2 [==*(   Elf:2 *:   Lair:1 !=[:!====*=*   Shoals:3 **
Vaults:1 :?((   Depths:1 =:=   Depths:2 *((:

Portals:
Hell: Depths:1 Depths:2 Depths:3 Depths:4
Abyss: Depths:3 Depths:4
Pandemonium: Depths:2
Ziggurat: Depths:4

Annotations:
Pan Cerebov


Innate Abilities, Weirdness & Mutations

You are a lightning-filled tempest!
Your electrical attacks strike out in all directions at once.
You are incredibly evasive.
Your insubstantial body is immune to petrification, constriction, and being set on fire You are flying.
Your armour is entirely melded.
You are incapable of wielding weapons or throwing items.
You cannot wear most types of armour.
You are amphibious.
You can wear up to eight rings at the same time.
You are immune to poison.
((Your skin changes colour to match your surroundings (Stealth+).))
((Your rubbery body absorbs attacks. (AC +1, EV +1)))
((You are camouflaged when in or above water. (Stealth+)))
((You have tentacles for arms and can constrict up to eight enemies at once.))
You are agile. (Dex +4, Str/Int -1)
Your mind is acute. (Int +4, Str/Dex -1)
You are strong-willed. (Will+)
You are somewhat resistant to further mutation.
You occasionally lose the ability to drink potions when taking damage.


Message History

Cerebov is severely wounded.
Your balrug hits Cerebov but does no damage.
You hit Cerebov.
Cerebov is severely wounded.
Cerebov closely misses Cerebov.
Cerebov hits you with the +6 sword of Cerebov!!!
Cerebov burns you. 40의 피해를 받았습니다. 현재 남은 체력은 [81/195] 입니다. 조오오온나 쌔다!!!!!!!!!!!!!!!!!!!!!!!!!!!!!!!!!!!!!!
You barely miss Cerebov.
Cerebov is severely wounded.
Cerebov shimmers and vanishes!
Your balrug disappears in a puff of smoke!
Cerebov gestures at you.
A raging storm of fire appears!
The great blast of fire engulfs you!! You partially resist.
* * * LOW HITPOINT WARNING * * *
The great blast of fire engulfs Cerebov!!
Cerebov partially resists.
A fire vortex comes into view. 34의 피해를 받았습니다. 현재 남은 체력은 [47/195] 입니다.
Okay, then.
Okay, then.
A divine shield forms around you!
You are engulfed in blazing flames.
You resist.
* * * LOW HITPOINT WARNING * * *
Cerebov is engulfed in blazing flames.
Cerebov misses you. 1의 피해를 받았습니다. 현재 남은 체력은 [46/195] 입니다. 현재 남은 마력은 [0/41] 입니다.
You hit Cerebov. Lightning courses through Cerebov! You punch Cerebov!
Cerebov is almost dead.
You are engulfed in blazing flames.
You resist.
* * * LOW HITPOINT WARNING * * *
2의 피해를 받았습니다. 현재 남은 체력은 [44/195] 입니다.
You batter Cerebov!! You punch Cerebov, but do no damage.
Cerebov is almost dead.
You are engulfed in blazing flames.
You resist.
* * * LOW HITPOINT WARNING * * *
Cerebov hits you with the +6 sword of Cerebov!!!
You die...

≈≈≈#|).#≈§§§≈#)=%#§≈≈§##,,,##§§..
≈≈###'###§§§###'###≈§####'####§≈.
####≈.§#######≈.≈######≈...≈*##≈§
≈≈≈≈≈§≈§§≈≈≈≈≈≈.≈≈≈≈≈#≈≈...≈~*###
........§............'$.....,*,,,
...............v.....'......,+,,,
.§..§...§...§§..○○°..'.....§,*,,,
≈§≈§§.≈≈≈≈≈≈§§○&°○°≈≈#2§..§§~*###
####§.≈#######☼°v#####*≈...§*##≈≈
§≈###)###≈≈≈###☼###§§##*#+####≈≈.
≈§§#...#≈≈§§≈#○○.#§§§≈##,,,##≈≈..
.§§#...#≈..§≈#.=.#≈.§≈≈#,,,#≈≈...
..≈#...#≈...§#...#≈§..≈#,,,#≈....
..≈#####≈...≈#####≈...≈#####§....
..≈≈≈≈≈≈§...§≈≈≈≈≈≈...≈≈≈≈§≈≈....
......§..........................
.....§..######.....).####........


You could see Cerebov (fast, incited, combustible) and a fire vortex.

Vanquished Creatures
  the Royal Jelly (Slime:5)
  An ancient lich (Vaults:5)
  Mara (Shoals:3)
  Mennas (Vaults:2)
  Josephina (Crypt:3)
  Geryon (Hell)
  Nikola (Vaults:2)
  A golden dragon (Depths:2)
  2 pandemonium lords (Pan)
  2 bone dragons
  A Brimstone Fiend (Pan)
  4 Tzitzimimeh (Pan)
  A Hell Sentinel (Pan)
  Jorgrun (Orc:1)
  Mlioglotl (Spider:3)
  A shard shrike skeleton (Crypt:3)
  2 Ice Fiends (Pan)
  2 tentacled monstrosities
  3 liches (Crypt:3)
  The ghost of Maeli the Bludgeoner, an adept OnGl of Okawaru (Shoals:3)
  Asterion (Spider:3)
  3 titans
  4 deep elf blademasters
  Polyphemus (Shoals:2)
  Murray (Depths:4)
  5 sphinxes
  2 ancient champions
  28 acid blobs
  3 deep elf master archers (Elf:3)
  2 quicksilver dragons
  5 tengu reavers
  4 storm dragons
  6 shadow dragons
  2 krakens
  Roxanne (D:15)
  4 revenants
  The ghost of ooops the Fencer, an adept CoGl of Wu Jian (Elf:1)
  Donald (Orc:2)
  2 draconian monks (Depths:4)
  6 emperor scorpions (Spider:4)
  2 daevas (Depths:4)
  8 rockslimes
  9 frost giants
  14 azure jellies
  5 fire giants
  10 deep elf sorcerers
  A draconian shifter (Depths:4)
  7 deep elf elementalists (Elf:3)
  16 vault wardens
  5 ghost moths
  2 iron dragons (Vaults:5)
  Louise (D:14)
  A caustic shrike zombie (Hell)
  3 curse skulls
  16 balrugs
  A demonspawn corrupter (Pan)
  A cacodemon (Pan)
  6 orc warlords
  8 reapers
  3 very ugly things (Depths:2)
  2 angels (Vaults:2)
  8 ghouls
  17 ironbound preservers
  24 stone giants
  2 broodmothers
  6 quicksilver oozes
  5 deep elf death magi
  3 formless jellyfish
  A demonspawn blood saint (Pan)
  A demonspawn black sun (Pan)
  9 ironbound thunderhulks
  10 vampire knights
  9 deep elf demonologists
  4 halazid warlocks (Desolation)
  15 spark wasps
  A lorocyproca (Hell)
  Azrael (Spider:3)
  4 dire elephants
  A black draconian (Depths:4)
  9 deep elf annihilators (Elf:3)
  A minotaur (Gauntlet)
  5 war gargoyles
  A purple draconian (Depths:4)
  2 red draconians (Depths:4)
  Snorg (D:10)
  5 eidola
  3 merfolk javelineers
  3 blizzard demons
  14 ettins
  3 crystal guardians
  A mummy priest (Crypt:3)
  6 fire dragons
  7 merfolk impalers
  A quicksilver dragon zombie (Crypt:3)
  2 iron golems (Hell)
  9 deep elf high priests
  The ghost of spidder the Mimic, a journeyman OpSh of Ashenzari (Lair:2)
  7 great orbs of eyes
  9 yaktaur captains
  7 entropy weavers
  6 jiangshi
  A hell beast (Pan)
  Fannar (D:10)
  25 vault guards
  5 spriggan zombies
  6 servants of whispers (Desolation)
  6 ice dragons
  5 ragged hierophants (Desolation)
  12 hydras
  14 centaur warriors
  4 ghost crabs
  A rakshasa (Depths:3)
  2 catoblepae
  2 jorogumos
  5 peacekeepers
  4 death knights
  An ogre mage (Vaults:5)
  3 two-headed ogres
  3 spriggan air magi
  A fenstrider witch skeleton (Crypt:3)
  3 merfolk avatars
  4 radroaches
  3 satyrs
  3 spriggan skeletons
  An alligator snapping turtle (Shoals:1)
  8 merfolk aquamancers
  26 dancing weapons
  9 boulder beetles
  7 tengu warriors
  10 hell hogs
  8 ironbound frosthearts
  15 deep troll earth magi
  20 death yaks
  An azure jelly zombie (Crypt:2)
  9 deep troll shamans
  8 vampire magi
  13 demonic crawlers
  An occultist (D:15)
  5 spriggan berserkers
  29 hell knights
  Nergalle (D:11)
  6 orc high priests
  A wretched star (Gauntlet)
  26 soul eaters
  49 sun demons
  18 deep elf knights
  12 deep elf archers
  A shadow wraith (Vaults:2)
  12 iron trolls
  A titan skeleton (Depths:3)
  2 sixfirhies (Pan)
  An anaconda zombie (Hell)
  2 skysharks (Shoals:1)
  A swamp dragon (Lair:5)
  A glowing orange brain (Depths:3)
  8 pharaoh ants
  2 flayed ghosts (Crypt:2)
  11 sun moths
  32 skeletal warriors
  10 sea snakes
  A death drake (Depths:2)
  4 bog bodies
  51 deep trolls
  5 orb spiders
  A shadow demon (Pan)
  A tengu zombie (Depths:3)
  2 spriggan simulacra
  4 thermic dynamos
  19 ironbound convokers
  An anaconda skeleton (Hell)
  8 arcanists
  An obsidian bat (Orc:2)
  2 shadow dragon zombies
  A golden dragon skeleton (Depths:1)
  33 deep elf pyromancers
  4 lindwurms
  An obsidian statue (Shoals:3)
  14 orc knights
  14 phantasmal warriors
  21 harpies
  14 necromancers
  9 fauns
  21 wolf spiders
  A cyclops (shapeshifter) (Vaults:5)
  2 lindwurms (shapeshifter) (Vaults:5)
  A broodmother zombie (Crypt:2)
  7 shining eyes
  26 deep elf zephyrmancers
  2 alligator zombies (Hell)
  3 steelbarb worms
  5 cyclopes
  4 oklob plants
  15 manticores
  An alligator skeleton (Hell)
  13 ugly things
  2 stone giant zombies (Crypt:3)
  A moth of wrath (shapeshifter) (Vaults:2)
  A frost giant skeleton (Crypt:2)
  3 elephants (Lair:1)
  3 meliai (Spider:2)
  3 guardian serpents (Desolation)
  8 merfolk sirens
  Maurice (D:7)
  3 ice statues
  4 moths of wrath
  6 kobold blastminers
  A stone giant skeleton (Depths:1)
  2 eyes of devastation (Slime:5)
  A dire elephant zombie (Hell)
  15 smoke demons
  9 water nymphs
  An eleionoma skeleton (Crypt:2)
  4 rust devils (Hell)
  3 black mambas
  A centaur zombie (Crypt:3)
  13 cane toads
  A titan simulacrum (Crypt:2)
  5 torpor snails
  A black mamba (shapeshifter) (D:15)
  20 vault sentinels
  A centaur skeleton (Crypt:3)
  7 gargoyles
  2 yaktaur zombies
  2 orange demons (Pan)
  A dire elephant skeleton (Crypt:3)
  A naga skeleton (Crypt:3)
  9 rime drakes
  2 unseen horrors
  10 large abominations
  3 tormentors (Pan)
  8 komodo dragons
  A sea snake zombie (Hell)
  9 freezing wraiths
  10 efreet
  An elf skeleton (Vaults:4)
  A redback zombie (Crypt:1)
  35 yaktaurs
  A golden dragon simulacrum (Crypt:2)
  24 polar bears
  22 merfolk
  4 red devils
  A merfolk (shapeshifter) (Vaults:2)
  8 trolls
  4 hydra zombies
  6 wind drakes
  3 tengu simulacra
  Grinder (D:3)
  A hydra skeleton (Hell)
  A shadow dragon simulacrum (Depths:1)
  4 hellwings
  30 jumping spiders
  4 tyrant leeches (Spider:1)
  40 saltlings (Desolation)
  26 tarantellas
  2 raiju (Lair:5)
  3 hornets
  2 glass eyes
  8 blink frogs
  A jumping spider zombie (Crypt:1)
  5 harpy skeletons
  9 snapping turtles
  3 dream sheep (Shoals:3)
  An ettin skeleton (Hell)
  A fire dragon zombie (Crypt:2)
  103 slime creatures
  10 water elementals
  An iron dragon simulacrum (Vaults:4)
  22 culicivoras
  Sigmund (D:5)
  A culicivora (shapeshifter) (Elf:1)
  A slime creature (shapeshifter) (Vaults:2)
  2 centaur simulacra
  18 ynoxinuls (Pan)
  3 spriggans
  An air elemental (Elf:2)
  6 shadows
  4 wyverns
  3 fire dragon skeletons (Crypt:3)
  8 fire elementals
  2 vampires (Crypt:3)
  An elf simulacrum (Vaults:4)
  7 wraiths
  17 humans (D:13)
  9 basilisks
  A black mamba skeleton (Crypt:1)
  45 yaks
  9 wargs
  60 redbacks
  12 vampire mosquitoes
  3 neqoxecs (Pan)
  4 golden eyes
  2 steam dragons (Lair:5)
  2 harpy simulacra
  7 small abominations
  A deep troll zombie (Crypt:1)
  An entropy weaver zombie (Crypt:2)
  16 water moccasins
  21 hell hounds
  4 acid dragons
  A hydra simulacrum (Hell)
  A tengu skeleton (Depths:1)
  26 orc warriors
  A glowing shapeshifter skeleton (Depths:3)
  6 ice beasts
  25 laughing skulls
  A swamp drake (Lair:5)
  11 black bears (Lair:5)
  7 ogres
  43 wolves
  6 boggarts
  An ettin simulacrum (Crypt:3)
  18 centaurs
  An elephant skeleton (Crypt:2)
  A phantom (D:5)
  A kobold brigand (D:11)
  13 bullfrogs
  A gnoll sergeant (D:10)
  4 earth elementals
  6 scorpions
  A naga simulacrum (Crypt:2)
  5 wights (D:8)
  A killer bee (shapeshifter) (D:12)
  A killer bee (D:7)
  A shapeshifter skeleton (Crypt:2)
  2 electric eels
  9 howler monkeys
  A bombardier beetle (D:7)
  A lava snake (D:14)
  4 hounds
  A gnoll bouda (D:7)
  12 orc priests
  3 jellies
  8 iguanas
  Ijyb (D:5)
  16 orc wizards
  A sky beast zombie (Crypt:1)
  A boggart simulacrum (D:14)
  A hound skeleton (Crypt:1)
  7 adders
  10 gnolls
  2 shadow imps
  5 white imps
  9 ufetubi
  A jelly zombie (Crypt:1)
  An iguana skeleton (Crypt:2)
  2 ribbon worms (Lair:2)
  4 dart slugs
  50 orcs
  7 ball pythons
  6 bats
  8 endoplasms
  7 giant cockroaches
  3 goblins
  19 hobgoblins
  6 jackals
  4 quokkas
  A dart slug zombie (Crypt:2)
  10 kobolds
  An orc skeleton (Crypt:1)
  9 rats
  3 tentacles
2506 creatures vanquished.

Vanquished Creatures (collateral kills)
  Rupert (D:15)
  A titan (Vaults:5)
  A sphinx (Vaults:5)
  A storm dragon (Vaults:5)
  A shadow dragon (Vaults:5)
  A fire giant (Vaults:5)
  3 vault wardens (Vaults:5)
  2 frost giants (Vaults:5)
  An ironbound preserver (Vaults:5)
  An ettin (Vaults:5)
  3 vault guards (Vaults:5)
  A deep troll earth mage (Vaults:5)
  4 deep trolls (Vaults:5)
  2 vault sentinels (Vaults:5)
  2 yaktaurs (Vaults:5)
  A jumping spider (Spider:2)
  An adder (D:3)
  An orc (D:3)
  A hobgoblin (D:3)
  A kobold (D:3)
30 creatures vanquished.

Vanquished Creatures (others)
  A dread lich (Vaults:2)
  A tentacled monstrosity (Vaults:5)
  A titan (Vaults:5)
  A tengu reaver (Vaults:5)
  2 deep elf demonologists (Vaults:5)
  2 ettins (Vaults:5)
  The ghost of ksj2083 the Skirmisher, a journeyman BaHu of Cheibriados (Orc:2)
  3 yaktaur captains (Vaults:5)
  A deep elf high priest (Vaults:5)
  7 vault guards (Vaults:5)
  A hell beast (Pan)
  A two-headed ogre (Orc:2)
  2 deep troll shamans (Vaults:5)
  5 deep trolls
  A deep troll (shapeshifter) (Vaults:5)
  An ironbound convoker (Vaults:5)
  3 deep elf pyromancers
  An orc knight (Vaults:4)
  A vault sentinel (Vaults:5)
  4 yaktaurs (Vaults:5)
  A tormentor (Pan)
  2 tyrant leeches (Spider:1)
  A saltling (Desolation)
  12 tentacles
56 creatures vanquished.

Grand Total: 2592 creatures vanquished

Notes
Turn   | Place    | Note
-------+----------+-------------------------------------------
     0 | D:1      | diche the Octopode Shapeshifter began the quest for the
                  | Orb.
     0 | D:1      | Reached XP level 1. HP: 13/13 MP: 1/1
    84 | D:1      | Reached XP level 2. HP: 18/18 MP: 2/2
   611 | D:1      | Reached XP level 3. HP: 23/23 MP: 3/3
   635 | D:1      | Found a roughly hewn altar of Beogh.
   662 | D:1      | Found a faded altar of an unknown god.
   934 | D:2      | Reached XP level 4. HP: 29/29 MP: 4/4
  1623 | D:3      | Noticed Grinder
  1635 | D:3      | Paralysed by Grinder for 5 turns
  1644 | D:3      | Killed Grinder
  1645 | D:3      | Reached skill level 4 in Shapeshifting
  1645 | D:3      | Reached XP level 5. HP: 30/35 MP: 5/5
  1645 | D:3      | Reached XP level 6. HP: 35/41 MP: 6/6
  2461 | D:4      | Found Vedghaaq's Distillery.
  2540 | D:4      | Found Murumul's Magic Scroll Shoppe.
  2544 | D:4      | Reached skill level 5 in Shapeshifting
  2544 | D:4      | Reached XP level 7. HP: 46/46 MP: 7/7
  2546 | D:4      | Found a basalt altar of Yredelemnul.
  2547 | D:4      | Identified the +7 short sword "Moisug" {flame, +Blink Fly
                  | rC- rCorr}
  2553 | D:4      | Bought a scroll of identify for 20 gold pieces
  2553 | D:4      | Bought a scroll of poison for 40 gold pieces
  2553 | D:4      | Bought a scroll of teleportation for 30 gold pieces
  2553 | D:4      | Bought a scroll of fear for 40 gold pieces
  2673 | D:4      | Found an opulent altar of Gozag.
  2689 | D:4      | Became a worshipper of Gozag Ym Sagoz the Greedy
  2727 | D:4      | Found Fuluril's Magic Scroll Emporium.
  2793 | D:4      | Found a bloodstained altar of Trog.
  2796 | D:4      | Found a glowing silver altar of Zin.
  2964 | D:4      | Found Ibyffo's Armour Shoppe.
  3024 | D:5      | Entered Level 5 of the Dungeon
  3123 | D:5      | Noticed Ijyb
  3127 | D:5      | Killed Ijyb
  3290 | D:5      | Noticed Sigmund
  3299 | D:5      | Killed Sigmund
  3300 | D:5      | Reached skill level 6 in Shapeshifting
  3300 | D:5      | Reached XP level 8. HP: 53/54 MP: 8/8
  3350 | D:5      | Reached skill level 5 in Unarmed Combat
  3642 | D:4      | Bought a scroll of revelation for 90 gold pieces
  3642 | D:4      | Bought a scroll of fog for 48 gold pieces
  3642 | D:4      | Bought a scroll of fear for 48 gold pieces
  3642 | D:4      | Bought a scroll of blinking for 90 gold pieces
  3695 | D:6      | Reached skill level 5 in Dodging
  3803 | D:6      | Reached skill level 7 in Shapeshifting
  3963 | D:6      | Found a staircase to the Ecumenical Temple.
  3968 | Temple   | Entered the Ecumenical Temple
  4310 | D:7      | Reached XP level 9. HP: 59/60 MP: 9/9
  4323 | D:7      | Reached skill level 5 in Fighting
  4360 | D:7      | Found a large runed translucent door.
  4361 | D:7      | Found a large runed translucent door.
  4362 | D:7      | Found a large runed translucent door.
  4362 | D:7      | Found a large runed translucent door.
  4364 | D:7      | Noticed a boulder beetle
  4364 | D:7      | Noticed a cyclops
  4388 | D:7      | Noticed Maurice
  4420 | D:7      | Killed Maurice
  4755 | D:7      | Reached skill level 8 in Shapeshifting
  5063 | D:4      | Bought a potion of curing for 36 gold pieces
  5063 | D:4      | Bought a potion of curing for 36 gold pieces
  5063 | D:4      | Bought a potion of curing for 36 gold pieces
  5063 | D:4      | Bought a potion of curing for 36 gold pieces
  5063 | D:4      | Bought a potion of berserk rage for 60 gold pieces
  5063 | D:4      | Bought a potion of enlightenment for 60 gold pieces
  5063 | D:4      | Bought a potion of curing for 36 gold pieces
  5063 | D:4      | Bought a potion of curing for 36 gold pieces
  5063 | D:4      | Bought a potion of heal wounds for 60 gold pieces
  5153 | D:8      | Noticed a troll
  5161 | D:8      | Killed a troll
  5324 | D:8      | Reached XP level 10. HP: 68/68 MP: 10/10
  5641 | D:8      | Reached skill level 9 in Shapeshifting
  5761 | D:8      | Found a staircase to the Lair.
  5831 | D:8      | Identified the scarf of the Enchanted Forest {repulsion,
                  | rElec rCorr}
  6018 | D:8      | Paralysed by a hornet for 2 turns
  6899 | D:9      | Noticed a death knight
  6899 | D:9      | Noticed a tengu warrior
  6921 | D:10     | Entered Level 10 of the Dungeon
  6926 | D:10     | Noticed Snorg
  6940 | D:10     | Killed Snorg
  6941 | D:10     | Reached skill level 10 in Shapeshifting
  6941 | D:10     | Reached XP level 11. HP: 43/75 MP: 11/11
  6984 | D:10     | Noticed a skeletal warrior
  7003 | D:10     | Killed a skeletal warrior
  7027 | D:10     | Noticed a skeletal warrior
  7029 | D:10     | Noticed a skeletal warrior
  7270 | D:9      | Noticed a red ugly thing
  7284 | D:9      | Killed a red ugly thing
  7435 | D:9      | Reached skill level 11 in Shapeshifting
  7547 | Lair:1   | Entered Level 1 of the Lair of Beasts
  7753 | Lair:1   | Identified the +2 quarterstaff of Qosyotyel {flame, rF-
                  | MP+9 Int+3}
  7838 | Lair:1   | Reached XP level 12. HP: 84/84 MP: 12/12
  7853 | Lair:1   | Identified the +0 hat of the Taurataur {rF++ rC++ Slay-2}
  8570 | Lair:2   | Found a hole to the Spider Nest.
  8584 | Lair:2   | Reached skill level 12 in Shapeshifting
  9011 | Lair:2   | Found a staircase to the Shoals.
  9133 | Lair:2   | Found a runed translucent door.
  9134 | Lair:2   | Identified the +10 trident "Laukhemm" {protect, Will+
                  | rCorr}
  9136 | Lair:2   | Noticed spidder's ghost (journeyman OpSh)
  9486 | Lair:2   | Identified the amulet "Janamarr" {Acrobat *Corrode Int+3}
  9656 | Lair:3   | Found the ring of the Mage {Wiz Archmagi}
  9780 | Lair:3   | Reached skill level 10 in Unarmed Combat
  9932 | Lair:3   | Got the Compilation of the Tundra and Ill Luck
 10186 | Lair:3   | Noticed a five-headed hydra
 10204 | Lair:3   | Killed a five-headed hydra
 10205 | Lair:3   | Reached skill level 10 in Dodging
 10205 | Lair:3   | Reached XP level 13. HP: 34/92 MP: 13/13
 10562 | Lair:4   | Reached skill level 13 in Shapeshifting
 10654 | Lair:4   | Reached skill level 10 in Fighting
 11505 | Lair:5   | Entered Level 5 of the Lair of Beasts
 11694 | Lair:5   | Reached skill level 14 in Shapeshifting
 11783 | Lair:5   | Found a viscous altar of Jiyva.
 11784 | Lair:5   | Found a staircase to the Slime Pits.
 11974 | Lair:5   | Reached XP level 14. HP: 99/99 MP: 14/14
 12464 | Lair:5   | Identified the +3 rapier of Kehudix {elec, rElec rF+ Dex+3}
 12482 | Lair:5   | Identified the maw talisman "Ketuc" {Str+3}
 13776 | D:10     | Reached skill level 15 in Shapeshifting
 14049 | D:10     | Noticed Fannar
 14058 | D:10     | Killed Fannar
 14620 | D:11     | Found a frozen archway.
 14630 | IceCv    | Entered an ice cave
 15101 | IceCv    | Reached XP level 15. HP: 108/108 MP: 15/15
 15809 | D:11     | Found a staircase to the Orcish Mines.
 15953 | D:11     | Noticed Nergalle
 15967 | D:11     | Killed Nergalle
 17373 | D:12     | Reached skill level 16 in Shapeshifting
 18264 | D:13     | Found a gate to the Vaults.
 18476 | D:14     | Found a glowing silver altar of Zin.
 18817 | D:14     | Noticed Louise
 18832 | D:14     | Killed Louise
 18833 | D:14     | Reached XP level 16. HP: 92/116 MP: 16/16
 19491 | D:15     | Entered Level 15 of the Dungeon
 19561 | D:15     | Found a staircase to the Depths.
 19576 | D:15     | Found a gate leading to a gauntlet.
 19585 | Gauntlet | Entered a Gauntlet
 19585 | Gauntlet | Found a transporter.
 19594 | Gauntlet | Found a transporter.
 19610 | Gauntlet | Found a runed translucent door.
 19615 | Gauntlet | Found a transporter.
 19636 | Gauntlet | Found a transporter.
 19649 | Gauntlet | Found a transporter.
 19663 | Gauntlet | Found a transporter.
 19692 | Gauntlet | Found a transporter.
 19692 | Gauntlet | Found a transporter.
 19697 | Gauntlet | Found a transporter.
 19731 | Gauntlet | Found a transporter.
 19756 | Gauntlet | Found a transporter.
 19757 | Gauntlet | Found a transporter.
 20014 | Gauntlet | Identified the +0 barding of the Merwolf {rC- Dex+3}
 20328 | D:15     | Reached skill level 17 in Shapeshifting
 20499 | D:15     | Noticed Rupert
 20507 | D:15     | Paralysed by Rupert for 3 turns
 20508 | D:15     | Killed Rupert
 20629 | D:15     | Noticed Roxanne
 20673 | D:15     | Killed Roxanne
 20793 | D:15     | Found a shadowy altar of Dithmenos.
 21178 | D:15     | Identified the ring of Qipiem {rPois rF++ Will+ Dex-4}
 21189 | D:15     | Identified the +5 leather armour of the Merwolf {rElec
                  | Str+2 Slay+5}
 21892 | Orc:1    | Entered Level 1 of the Orcish Mines
 22131 | Orc:2    | Entered Level 2 of the Orcish Mines
 22279 | Orc:2    | Found Yfehin's Antique Weapon Emporium.
 22380 | Orc:2    | Found a transporter.
 22383 | Orc:2    | Noticed ksj2083's ghost (journeyman BaHu)
 22384 | Orc:2    | Found a transporter.
 22384 | Orc:2    | Identified the +7 great mace "Gasasm" {heavy, Str+2}
 22384 | Orc:2    | Identified the +0 great mace "Vofit" {freeze, rElec rF+
                  | SInv}
 22489 | Orc:2    | Noticed Donald
 22496 | Orc:2    | Killed Donald
 22610 | Orc:2    | Found a radiant altar of Vehumet.
 22630 | Orc:2    | Found a staircase to the Elven Halls.
 22738 | Orc:2    | Found Arhiqo's Antique Armour Shop.
 22778 | Orc:2    | Found Juisoi's General Store.
 22786 | Orc:2    | Bought a scroll of fear for 68 gold pieces
 22790 | Orc:2    | Found Luram's Jewellery Emporium.
 22815 | Orc:2    | Found Beymim's Jewellery Shoppe.
 22969 | Orc:2    | Bought the ring of Doors {rCorr Int+3 Slay+2} for 750 gold
                  | pieces
 23138 | Orc:1    | Found a roughly hewn altar of Beogh.
 23170 | Orc:1    | Noticed Jorgrun
 23183 | Orc:1    | Killed Jorgrun
 23588 | Lair:1   | Bought a book of Battle for 448 gold pieces
 23593 | Lair:1   | Learned a level 4 spell: Vhi's Electric Charge
 23601 | Lair:1   | Learned a level 7 spell: Manifold Assault
 23606 | Lair:1   | Bought a scroll of identify for 30 gold pieces
 23606 | Lair:1   | Bought a scroll of fear for 60 gold pieces
 23615 | Lair:1   | Bought the ring "Oqungesu" {rF+ rN+ Will+} for 518 gold
                  | pieces
 23676 | Spider:1 | Entered Level 1 of the Spider Nest
 23908 | Spider:1 | Reached XP level 17. HP: 81/124 MP: 17/17
 23910 | Spider:1 | Gained mutation: You are occasionally teleported next to
                  | monsters. [mutagenic glow]
 24133 | Spider:1 | Reached skill level 18 in Shapeshifting
 24274 | Spider:1 | Reached skill level 1 in Translocations
 24553 | Spider:1 | Reached skill level 1 in Spellcasting
 25343 | Spider:2 | Gained mutation: You are often teleported next to monsters.
                  | [mutagenic glow]
 25350 | Spider:2 | Gained mutation: You are clumsy. (Dex -2) [mutagenic glow]
 25356 | Spider:2 | Reached skill level 5 in Translocations
 25364 | Spider:2 | Gained mutation: You are weak. (Str -2) [mutagenic glow]
 25372 | Spider:2 | Gained mutation: Your mind is acute. (Int +4, Str/Dex -1)
                  | [mutagenic glow]
 25386 | Spider:2 | Lost mutation: Your mind is acute. (Int +4, Str/Dex -1)
                  | [potion of mutation]
 25386 | Spider:2 | Lost mutation: You are clumsy. (Dex -2) [potion of
                  | mutation]
 25386 | Spider:2 | Gained mutation: You sometimes lose your temper in combat.
                  | [potion of mutation]
 25387 | Spider:2 | Lost mutation: You are weak. (Str -2) [potion of mutation]
 25387 | Spider:2 | Lost mutation: You are often teleported next to monsters.
                  | [potion of mutation]
 25387 | Spider:2 | Gained mutation: Your spells are a little harder to cast,
                  | but a little more powerful. [potion of mutation]
 25387 | Spider:2 | Gained mutation: You passively dampen the noise of your
                  | surroundings. [potion of mutation]
 25442 | Spider:2 | Lost mutation: You sometimes lose your temper in combat.
                  | [potion of mutation]
 25442 | Spider:2 | Lost mutation: Your spells are a little harder to cast, but
                  | a little more powerful. [potion of mutation]
 25442 | Spider:2 | Gained mutation: You are agile. (Dex +4, Str/Int -1)
                  | [potion of mutation]
 25442 | Spider:2 | Gained mutation: You are somewhat resistant to further
                  | mutation. [potion of mutation]
 26512 | Spider:3 | Noticed Asterion
 26528 | Spider:3 | Killed Asterion
 26529 | Spider:3 | Reached skill level 5 in Spellcasting
 26607 | Spider:3 | Noticed Mlioglotl
 26613 | Spider:3 | Killed Mlioglotl
 26687 | Spider:3 | Noticed Azrael
 26700 | Spider:3 | Killed Azrael
 26845 | Spider:3 | Gained mutation: You occasionally lose the ability to drink
                  | potions when taking damage. [mutagenic glow]
 27103 | Spider:4 | Entered Level 4 of the Spider Nest
 27204 | Spider:4 | Reached XP level 18. HP: 131/131 MP: 26/26
 27589 | Spider:4 | Reached skill level 10 in Translocations
 28018 | Spider:4 | Got a gossamer rune of Zot
 28763 | Shoals:1 | Entered Level 1 of the Shoals
 28840 | Lair:2   | Killed spidder's ghost
 28958 | D:7      | Identified the ring of Wucof {Will+ Int+6 Dex+3}
 29160 | Orc:2    | Lost mutation: You passively dampen the noise of your
                  | surroundings. [potion of mutation]
 29160 | Orc:2    | Lost mutation: You are occasionally teleported next to
                  | monsters. [potion of mutation]
 29180 | Orc:2    | Killed ksj2083's ghost
 30367 | Shoals:2 | Noticed Polyphemus
 30446 | Shoals:2 | Killed Polyphemus
 30719 | Shoals:2 | Reached XP level 19. HP: 136/136 MP: 31/31
 31743 | Shoals:3 | Found a runed translucent gate.
 31743 | Shoals:3 | Found a runed translucent gate.
 31743 | Shoals:3 | Found a runed translucent gate.
 31748 | Shoals:3 | Found an opulent altar of Gozag.
 31795 | Shoals:3 | Noticed Maeli's ghost (adept OnGl)
 32076 | Shoals:3 | Noticed Mara
 32145 | Shoals:3 | Killed Mara
 32683 | Shoals:4 | Entered Level 4 of the Shoals
 32990 | Shoals:4 | Reached skill level 15 in Translocations
 33146 | Shoals:4 | Got a barnacled rune of Zot
 34187 | Shoals:4 | Identified the +8 rapier of Kismet {freeze, rPois rN+++
                  | Str+5}
 34393 | Lair:1   | Bought a potion of magic for 112 gold pieces
 34393 | Lair:1   | Bought a potion of cancellation for 112 gold pieces
 34393 | Lair:1   | Bought a potion of might for 56 gold pieces
 34393 | Lair:1   | Bought a potion of invisibility for 112 gold pieces
 34393 | Lair:1   | Bought a potion of berserk rage for 70 gold pieces
 34480 | Elf:1    | Entered Level 1 of the Elven Halls
 34988 | Elf:1    | Got Raonina's Dissertation on Phantasms
 35041 | Elf:1    | Found a runed translucent door.
 35043 | Elf:1    | Noticed ooops's ghost (adept CoGl)
 35391 | Elf:1    | Learned a level 4 spell: Passage of Golubria
 36260 | Elf:2    | Reached XP level 20. HP: 143/143 MP: 8/33
 36745 | Elf:2    | Found Udistufa's Book Shoppe.
 36772 | Elf:2    | Paralysed by an air elemental for 1 turns
 36849 | Elf:2    | Found a runed translucent gate.
 36850 | Elf:2    | Found a runed translucent gate.
 36850 | Elf:2    | Found a runed translucent gate.
 36970 | Elf:2    | Found Vuoraum's CLEARANCE SALE!.
 36977 | Elf:2    | Bought a wand of warping (4) for 38 gold pieces
 36977 | Elf:2    | Bought a potion of invisibility for 32 gold pieces
 37056 | Elf:3    | Entered Level 3 of the Elven Halls
 38490 | Elf:3    | Identified the +4 spear of Instant Death {flame, rF+ Dex+2}
 38800 | Elf:3    | Identified the +5 quarterstaff of the Old World {flame, rC+
                  | Will+ Dex-4 Stlth+}
 38808 | Elf:3    | Identified the +5 whip of Gozag's Hope {drain, +Blink rPois
                  | rCorr}
 39402 | Elf:3    | Got Sif Muna's Verses on the Band
 39406 | Elf:3    | Identified the +0 shortbow "Uramong" {freeze, rCorr}
 39409 | Elf:3    | Identified the +8 chain mail of Midsummer {-Tele rC+++
                  | Int+3}
 39790 | Vaults:1 | Entered Level 1 of the Vaults
 39903 | Vaults:1 | Found Gytyqey's Book Shoppe.
 40036 | Vaults:1 | Reached XP level 21. HP: 148/148 MP: 5/34
 40039 | Vaults:1 | Reached skill level 1 in Stealth
 40824 | Vaults:1 | Found Oddaoqem's Weapon Boutique.
 40836 | Vaults:1 | Found Roalem's Magic Scroll Boutique.
 40837 | Vaults:1 | Found Miusausm's Antique Weapon Boutique.
 40849 | Vaults:1 | Bought a scroll of acquirement for 988 gold pieces
 40849 | Vaults:1 | Bought a scroll of teleportation for 57 gold pieces
 40900 | Vaults:1 | Acquired 421 gold pieces
 41332 | Vaults:2 | Found a huge runed translucent gate.
 41332 | Vaults:2 | Found a huge runed translucent gate.
 41332 | Vaults:2 | Found a huge runed translucent gate.
 41332 | Vaults:2 | Found a huge runed translucent gate.
 41332 | Vaults:2 | Found a huge runed translucent gate.
 41332 | Vaults:2 | Found a huge runed translucent gate.
 41332 | Vaults:2 | Found a huge runed translucent gate.
 41332 | Vaults:2 | Found a huge runed translucent gate.
 41332 | Vaults:2 | Found a huge runed translucent gate.
 41332 | Vaults:2 | Found a huge runed translucent gate.
 41333 | Vaults:2 | Found a huge runed translucent gate.
 41334 | Vaults:2 | Found a huge runed translucent gate.
 41335 | Vaults:2 | Found a huge runed translucent gate.
 41336 | Vaults:2 | Found a huge runed translucent gate.
 41337 | Vaults:2 | Found a huge runed translucent gate.
 41337 | Vaults:2 | Found a huge runed translucent gate.
 41341 | Vaults:2 | Found a huge runed translucent gate.
 41342 | Vaults:2 | Found a huge runed translucent gate.
 41343 | Vaults:2 | Found a huge runed translucent gate.
 41343 | Vaults:2 | Found a huge runed translucent gate.
 41349 | Vaults:2 | Found a huge runed translucent gate.
 41380 | Vaults:2 | Found a huge runed translucent gate.
 41384 | Vaults:2 | Found a huge runed translucent gate.
 41386 | Vaults:2 | Found a huge runed translucent gate.
 41386 | Vaults:2 | Found a huge runed translucent gate.
 41401 | Vaults:2 | Found a white marble altar of Elyvilon.
 41401 | Vaults:2 | Found a crumbling gateway.
 41401 | Vaults:2 | Found a glowing silver altar of Zin.
 41414 | Vaults:2 | Found a glowing golden altar of the Shining One.
 41462 | Desolati | Entered the Desolation of Salt
 41639 | Desolati | Found the +2 shield of Resistance {rF++ rC++ Will++}
 41651 | Desolati | Got the Quarto of Overcast Distance
 42072 | Desolati | Identified the +4 broad axe of Conservatism {elec, rC+++
                  | rCorr Int-2 Stlth+}
 42080 | Desolati | Identified the +9 arbalest of No Interval {antimagic, rPois
                  | rCorr Stlth-}
 42220 | Desolati | Identified the +2 morningstar of the Bashing Shrike
                  | {freeze, SInv}
 42541 | Vaults:2 | Noticed Mennas
 42619 | Vaults:2 | Found a huge runed translucent gate.
 42619 | Vaults:2 | Found a huge runed translucent gate.
 42619 | Vaults:2 | Found a huge runed translucent gate.
 42619 | Vaults:2 | Found a huge runed translucent gate.
 42619 | Vaults:2 | Found a huge runed translucent gate.
 42637 | Vaults:2 | Identified the +2 pair of gloves of the Smoking Gods {rF+
                  | rCorr Dex-3}
 42637 | Vaults:2 | Noticed Nikola
 42642 | Vaults:2 | Found a huge runed translucent gate.
 42643 | Vaults:2 | Found a huge runed translucent gate.
 42644 | Vaults:2 | Found a huge runed translucent gate.
 42644 | Vaults:2 | Found a huge runed translucent gate.
 42644 | Vaults:2 | Found a huge runed translucent gate.
 42644 | Vaults:2 | Found a huge runed translucent gate.
 42653 | Vaults:2 | Killed Nikola
 42736 | Vaults:2 | Reached skill level 19 in Shapeshifting
 42960 | Vaults:2 | Found a staircase to the Crypt.
 43620 | Vaults:2 | Reached XP level 22. HP: 124/155 MP: 8/35
 44245 | Vaults:3 | Reached skill level 20 in Shapeshifting
 44599 | Vaults:3 | Identified the +7 mace of the Dark Horse {spect, Will+
                  | Str-2 Int+2 Dex+6}
 44851 | Vaults:3 | Identified the +7 hand axe "Ixtac" {freeze, rN+ Int+5}
 46134 | Vaults:4 | Found a portal to a secret trove of treasure.
 46414 | Vaults:4 | Reached skill level 21 in Shapeshifting
 48149 | Shoals:3 | Killed Maeli's ghost
 48338 | Shoals:3 | Bought a scroll of teleportation for 87 gold pieces
 48338 | Shoals:3 | Bought a scroll of teleportation for 87 gold pieces
 48732 | Elf:1    | Killed ooops's ghost
 48934 | Elf:2    | Reached skill level 22 in Shapeshifting
 49277 | Elf:2    | Reached XP level 23. HP: 148/161 MP: 7/36
 50000 | Vaults:4 | You paid a toll of a +5 demon trident to enter a treasure
                  | trove
 50001 | Trove    | Entered a treasure trove
 50043 | Trove    | Got Sif Muna's Mysticism and How To Use It
 50050 | Trove    | Got Tuucotur's Monograph on Calescent Refrigeration
 50056 | Trove    | Got Sif Muna's Essays on Predestined Attacks
 50059 | Trove    | Got Sif Muna's Monograph on the Comitatus and the Rocks
 50355 | Lair:1   | Bought a potion of haste for 170 gold pieces
 50355 | Lair:1   | Bought 2 potions of mutation for 272 gold pieces
 50355 | Lair:1   | Bought a potion of haste for 170 gold pieces
 50355 | Lair:1   | Bought a potion of heal wounds for 85 gold pieces
 50355 | Lair:1   | Bought a potion of berserk rage for 85 gold pieces
 50355 | Lair:1   | Bought a potion of haste for 170 gold pieces
 50443 | Slime:1  | Entered Level 1 of the Pits of Slime
 52286 | Slime:4  | Reached skill level 23 in Shapeshifting
 52683 | Slime:5  | Entered Level 5 of the Pits of Slime
 52996 | Slime:5  | Reached skill level 15 in Dodging
 53169 | Slime:5  | Found a viscous altar of Jiyva.
 53173 | Slime:5  | Noticed the Royal Jelly
 53187 | Slime:5  | Reached skill level 15 in Fighting
 53189 | Slime:5  | Reached skill level 15 in Unarmed Combat
 53220 | Slime:5  | Killed the Royal Jelly
 53486 | Slime:5  | Gained mutation: You are strong-willed. (Will+) [a shining
                  | eye]
 53881 | Slime:5  | Got a slimy rune of Zot
 53884 | Slime:5  | Identified the amulet of Xiacaq {Reflect rC+ SH+5}
 53891 | Slime:5  | Identified the +3 leather armour "Xenu Kai" {Int+3}
 53959 | Slime:5  | Identified the +1 long sword of Disintegration {freeze,
                  | Int+3}
 54003 | Slime:5  | Identified the +2 falchion "Tiriag" {holy, Str+3}
 54027 | Slime:5  | Identified the +3 scimitar of Plague {spect, rPois Str+6}
 54994 | Lair:1   | Bought a ring of positive energy for 320 gold pieces
 55165 | Crypt:1  | Entered Level 1 of the Crypt
 56530 | Crypt:2  | Reached XP level 24. HP: 131/171 MP: 8/36
 57099 | Crypt:2  | Found a basalt altar of Yredelemnul.
 57713 | Crypt:3  | Entered Level 3 of the Crypt
 58582 | Crypt:3  | Found a staircase to the Tomb.
 58858 | Crypt:3  | Got the Omnibus of Foggy Silt
 59578 | Crypt:3  | Identified the ring of the Madman {Ice rElec Str-4 Int+4
                  | SInv}
 59578 | Crypt:3  | Noticed Josephina
 59629 | Crypt:3  | Found an ancient bone altar of Kikubaaqudgha.
 59955 | Crypt:3  | Killed Josephina
 60570 | Vaults:5 | Entered Level 5 of the Vaults
 60617 | Vaults:5 | Noticed a dread lich
 60637 | Vaults:5 | Reached skill level 10 in Spellcasting
 60756 | Vaults:5 | Identified the +10 shortbow of Parts Unknown {heavy, rF-
                  | rC+ rN+++ Str-4}
 60768 | Vaults:5 | Reached XP level 25. HP: 173/183 MP: 37/37
 61472 | Vaults:5 | Noticed an ancient lich
 61485 | Vaults:5 | Killed an ancient lich
 61493 | Vaults:5 | Got a silver rune of Zot
 62075 | Vaults:5 | Upgraded the game from 0.32-a0-898-g7811c86 to
                  | 0.32-a0-899-geb5ba95
 62593 | Vaults:2 | Identified the staff of Victory {rC+ Dex+3 Conj Earth}
 62759 | Depths:1 | Entered Level 1 of the Depths
 63014 | Depths:1 | Found a gateway to Hell.
 63164 | Depths:1 | Found Saliq's Jewellery Emporium.
 63165 | Depths:1 | Found Igukent's Book Boutique.
 63167 | Depths:1 | Found Puniohiw's Jewellery Emporium.
 63760 | Depths:1 | Found a hide-covered altar of Uskayaw.
 63999 | Depths:2 | Found Ytzy's Weapon Shop.
 64017 | Depths:2 | Reached skill level 1 in Ice Magic
 64057 | Depths:2 | Found Xuirch's Antique Weapon Shop.
 64143 | Depths:2 | Found a one-way gate leading to the halls of Pandemonium.
 64270 | Depths:2 | Reached skill level 5 in Ice Magic
 64678 | Depths:2 | Found Fosha's General Store.
 64681 | Depths:2 | Bought a scroll of blinking for 127 gold pieces
 64681 | Depths:2 | Bought a potion of cancellation for 136 gold pieces
 64997 | Depths:2 | Reached skill level 10 in Ice Magic
 65323 | Depths:2 | Reached XP level 26. HP: 101/189 MP: 13/41
 65738 | Depths:2 | Found the ring of the Hare {EV+10}
 65751 | Depths:2 | Identified the +4 short sword of the Present {spect, Str+6
                  | Int+4}
 65886 | Depths:2 | Found a stormy altar of Qazlal.
 66017 | Depths:2 | Found Hiceve Rysk's Book Shop.
 66263 | Lair:1   | Bought the ring "Yvosak" {rF+ Will- rCorr Str+5 SInv} for
                  | 490 gold pieces
 66619 | Depths:3 | Acquired 807 gold pieces
 67055 | Depths:3 | Reached skill level 15 in Ice Magic
 67056 | Depths:3 | Found a one-way gate to the infinite horrors of the Abyss.
 67560 | Depths:4 | Entered Level 4 of the Depths
 68156 | Depths:4 | Found a one-way gateway to a ziggurat.
 68556 | Depths:4 | Found a gate to the Realm of Zot.
 69309 | Hell     | Entered the Vestibule of Hell
 69309 | Hell     | Noticed Murray
 69309 | Hell     | Noticed Geryon
 69444 | Depths:4 | Killed Murray
 70606 | Hell     | Killed Geryon
 70700 | Hell     | Found a gateway to the freezing wastes of Cocytus.
 71268 | Hell     | Found a gateway to the decaying netherworld of Tartarus.
 71273 | Hell     | Reached XP level 27. HP: 195/195 MP: 13/41
 71483 | Hell     | Found a gateway to the ashen valley of Gehenna.
 71590 | Hell     | Found a gateway to the Iron City of Dis.
 72073 | Vaults:2 | Killed Mennas
 72090 | Vaults:2 | Fell from the grace of Gozag
 72090 | Vaults:2 | Became a worshipper of the Shining One
 72663 | Pan      | Entered Pandemonium
 72666 | Pan      | Noticed Xuuplaun the pandemonium lord
 72679 | Pan      | Killed Xuuplaun the pandemonium lord
 72689 | Pan      | Reached * piety under the Shining One
 72950 | Pan      | Reached ** piety under the Shining One
 73387 | Pan      | Reached *** piety under the Shining One
 73500 | Pan      | Reached skill level 1 in Invocations
 73845 | Pan      | Reached **** piety under the Shining One
 74103 | Pan      | Reached ***** piety under the Shining One
 74109 | Pan      | Gained mutation: Your mind is acute. (Int +4, Str/Dex -1)
                  | [a cacodemon]
 74284 | Pan      | Noticed Guets the pandemonium lord
 74331 | Pan      | Reached skill level 5 in Invocations
 74400 | Pan      | Killed Guets the pandemonium lord
 74968 | Pan      | Entered the realm of Cerebov.
 74985 | Pan      | Reached ****** piety under the Shining One
 75161 | Pan      | Identified the amulet "Xaisk" {Acrobat rC++ Will- Int+2}
 75594 | Pan      | Identified the amulet of Aploapp {Acrobat +Blink Str+3
                  | Stlth+}
 75864 | Pan      | Identified the ring "Hocori" {rN+ Str+2 Int+3}
 75894 | Pan      | Identified the +1 mace "Vovat" {pain, rPois Dex+3}
 75984 | Pan      | Found the +6 sword of Cerebov {flame}
 75984 | Pan      | Noticed Cerebov
 76114 | Pan      | Reached skill level 10 in Invocations
 76288 | Pan      | Identified the +6 halberd "Ymuotoyll" {flame, rC- rN+
                  | Dex+4}
 76288 | Pan      | Identified the ring of Secrets {rC+ Will- Str+9 Int+3}
 76300 | Pan      | Slain by Cerebov

Illustrated notes

Levels and vault maps discovered:
D:1:      dpeg_arrival_arbitrary_c, layout_loops_ring,
          hellmonk_ecumenical_altar_defaced_shrine
D:2:      layout_loops_corners, minmay_split_cup_large
D:3:      layout_basic, corexii_leaking_fountain, grunt_ministairs_15,
          serial_bayou_pond_a, uniq_grinder
D:4:      layout_cave_pools, mainiacjoe_overflow_cross_hatched,
          nicolae_overflow_squiral, mainiacjoe_overflow_brackets, serial_shops,
          shop, nicolae_take_the_stairs, shop, shop, dk_noncrumbling_4,
          minmay_misc_feat_x
D:5:      layout_cave_pools, uniq_ijyb, uniq_sigmund
D:6:      layout_loops_cross, temple_statues
D:7:      layout_basic, minmay_hollow_rounded_squares, uniq_maurice
D:8:      layout_layer_cave, hellmonk_lair_entry_icy
D:9:      layout_stronghold, hangedman_decor_clover_reticule,
          minmay_shattered_shrine
D:10:     layout_basic, uniq_fannar, uniq_snorg
D:11:     layout_small_grid, david_orc_3, serial_ice, serial_ice_f,
          serial_ice_d, serial_ice_o, serial_ice_h,
          portal_ice_cave_entry_pillars_2, small_chamber_with_monster,
          kennysheep_generic_room_15, uniq_nergalle
D:12:     layout_grid_maze, serial_glass, glass_columns_b, glass_columns_a
D:13:     layout_cross, grunt_vaults_entry_tiered
D:14:     minmay_opposing_rooms, layout_rooms, kennysheep_cluttered_room,
          zin_academy, uniq_louise
D:15:     grunt_enter_depths_snipers, layout_long_grid, gauntlet_entry_generic,
          nicolae_dithmenos_the_darkroom, laboratory, uniq_roxanne, uniq_rupert
Temple:   regret_index_temple_chain_breaker
Lair:1:   layout_roguey, cheibrodos_lair_reptile_den
Lair:2:   layout_chaotic_city, minmay_shoals_entry_hut,
          nicolae_spider_entry_non_spiders, ebering_ghost_funeral_grove
Lair:3:   layout_long_grid
Lair:4:   layout_roguey
Lair:5:   hangedman_lair_caniforms_friends, layout_regular_city,
          guppyfry_lair_end_dragon, dpeg_slime_entry_corner,
          kennysheep_basilisk_garden
Shoals:1: layout_shoals, nicolae_splish_splash
Shoals:2: layout_shoals, uniq_polyphemus
Shoals:3: layout_shoals, ebering_ghost_gozag, nicolae_shoals_lost_giant_baths,
          nicolae_shoals_this_corrosion, uniq_mara
Shoals:4: shoals_end_hangedman, layout_shoals
Spider:1: layout_chambers, drop_trap, nicolae_spider_swamp_cousins
Spider:2: layout_spider_delve
Spider:3: layout_spider_delve, uniq_azrael, uniq_asterion, uniq_mlioglotl
Spider:4: grunt_spider_rune_circles, hangedman_spider_mandibles
Slime:1:  layout_caves
Slime:2:  layout_caves
Slime:3:  layout_caves
Slime:4:  layout_caves, nicolae_slime_welcoming_committee
Slime:5:  slime_pit_nicolae_trefoil
Orc:1:    cheibrodos_orc_bank, layout_caves, basic_altar, nicolae_orc_minecarts,
          uniq_jorgrun
Orc:2:    grunt_orc_gardens, layout_caves, grunt_orc_garden, grunt_orc_garden,
          grunt_orc_garden, grunt_orc_garden, basic_altar, serial_shops, shop,
          gammafunk_ghost_smash, regret_index_minedec_shroomtown_chain,
          uniq_donald
Elf:1:    minmay_elf_arrival_summoners, layout_geoelf_diagonals,
          ebering_ghost_inner_flame, minmay_elf_demonology, grunt_megastairs_4
Elf:2:    nicolae_elf_blades_crystal_corner, layout_geoelf_diagonals,
          serial_shops, nicolae_diamond_shop, nicolae_shop_clearance
Elf:3:    nooodl_elf_gasket, layout_loops_corners
Vaults:1: nicolae_vaults_double_plus_2, v_misc_22, v_misc_1,
          nicolae_vaults_trapezoid_lopsided_2,
          hangedman_vaults_hard_town_square,
          nicolae_vaults_windows_and_doors_thing, nicolae_vaults_wrenched,
          ontoclasm_vaults_chip, nicolae_vaults_tetromino_L_2,
          layout_vaults_big_cross, serial_shops, nicolae_shop_statue_plus
Vaults:2: portal_desolation_entry_holy_temple, nicolae_vaults_tangram_2,
          door_vault, nicolae_vaults_ellipses_ellipsis, vaults_room_fours,
          vaults_mumra_chevron_long, nicolae_vaults_tangram_2,
          blue_anna_dwarven_crypt, vaults_room_ringed_pool,
          vaults_dpeg_emergency_exit, nicolae_vaults_swerve,
          vaults_room_hallway, nicolae_vaults_sealed_display, v_alt_pattern_6,
          minmay_orc_keep, layout_vaults_omnibox, uniq_mennas, uniq_nikola
Vaults:3: vaults_room_stairs_pillars, ontoclasm_vaults_spin, vaults_room_pool,
          st_cross, nicolae_vaults_three_branches, vaults_room_pool,
          nicolae_vaults_more_shelving_1, vaults_dpeg_encased_lava, v_misc_26,
          nicolae_vaults_trapezoid_4, layout_vaults_quadrants
Vaults:4: serial_ice_g, v_alt_pattern_1, serial_ice_h, vaults_mumra_hex,
          v_misc_12, st_lines, nicolae_vaults_sesquioval_fish,
          vaults_dpeg_spiral, layout_vaults_big_room, trove_entry_hex_spiral
Vaults:5
Crypt:1:  layout_gridlike, feat_on_display
Crypt:2:  layout_misc_corridors, basic_altar, serial_library_hellmonk_junction,
          st_stairs_9
Crypt:3:  quadcrypt_mu, uniq_josephina
Depths:1: layout_long_grid, hellmouth_1, kennysheep_nub,
          minmay_tree_intersection, hangedman_decor_riveting,
          nicolae_uskayaw_murder_on_the_dancefloor, minmay_shop_grove
Depths:2: lemuel_castle_with_subvaults [lemuel_castle_interior_original],
          layout_honeycomb, hell_entry, serial_shops, shop,
          nicolae_book_shop_shelving, nicolae_diamond_shop, shop,
          grunt_qazlal_clouds, pan_entry
Depths:3: dpeg_oklob_shooting_range, layout_cave_shapes, serial_glass,
          glass_columns_b, glass_columns_a, hangedman_abyss_entry_splay,
          infiniplex_staircase_door_maze, pf_coc_iceberg
Depths:4: grunt_zot_entry_bicorn, layout_gridlike, enter_ziggurat_d,
          grunt_hell_entry_dis_old, abyss_entry, grunt_ministairs_4,
          minmay_misc_feat_room
Hell
Pan:      rand_demon_1, layout_basic, evilmike_mini_pan_pillars_b, layout_basic,
          pan_blood_fountain_1, cerebov_grunt_fire_and_steel, layout_rooms,
          pan_blood_fountain_small

Skill      XL: |  1  2  3  4  5  6  7  8  9 10 11 12 13 14 15 16 17 18 19 20 21 22 23 24 25 26 27 |
---------------+----------------------------------------------------------------------------------+-----
Fighting       | 2 3 4 6 7 8 9 10 11 12 13 14 15 18 | 18.0
Dodging        | 3 4 5 6 7 8 10 11 12 13 14 16 18 | 18.0
Unarmed Combat | 4 5 6 8 9 10 11 12 13 14 16 18 | 18.0
Shapeshifting  | 4 5 6 7 8 10 11 12 14 15 16 17 18 19 22 23 | 23.0
Translocations | 9 13 17 20 | 20.4
Spellcasting   | 5 8 9 10 14 | 14.0
Stealth        | 4 |  4.0
Ice Magic      | 13 18 20 | 20.8
Invocations    | 10 | 10.3

Action                     |  1- 3 |  4- 6 |  7- 9 | 10-12 | 13-15 | 16-18 | 19-21 | 22-24 | 25-27 || total
---------------------------+-------+-------+-------+-------+-------+-------+-------+-------+-------++-------
  Melee: Unarmed           |    48 |    68 |   171 |   487 |  1067 |  1376 |  1359 |  1670 |  1565 ||  7811
         Constrict         |    14 |    18 |    47 |    95 |   237 |   238 |   152 |    21 |       ||   822
         Tentacles         |     7 |     9 |    49 |    37 |       |   314 |   237 |    87 |       ||   740
         Punch             |       |     2 |    12 |     9 |       |   133 |   112 |   160 |   179 ||   607
  Throw: Dart              |       |       |       |       |       |     8 |     2 |       |       ||    10
         Throwing net      |       |       |       |       |       |       |     1 |       |       ||     1
   Cast: Vhi's Electric Ch |       |       |       |       |       |     8 |    64 |    44 |    21 ||   137
         Manifold Assault  |       |       |       |       |       |     5 |   261 |   271 |   207 ||   744
 Invoke: Potion Petition   |       |       |       |     1 |       |     2 |     2 |       |     2 ||     7
         Call Merchant     |       |       |       |       |       |     5 |     2 |     2 |     3 ||    12
         Bribe Branch      |       |       |       |       |       |       |       |     1 |       ||     1
         Divine Shield     |       |       |       |       |       |       |       |       |     2 ||     2
Ability: Blinkbolt         |       |       |       |       |       |       |       |     2 |    12 ||    14
  Evoke: Wand              |       |     1 |    13 |     9 |    18 |    10 |       |       |       ||    51
         Lightning rod     |       |       |       |       |     4 |       |       |       |       ||     4
         Gell's gravitambo |       |       |       |       |     1 |       |       |       |       ||     1
         Phantom mirror    |       |       |       |       |       |     1 |     1 |       |     2 ||     4
         Box of beasts     |       |       |       |       |       |     1 |       |       |       ||     1
    Use: Potion            |       |     1 |       |     4 |     4 |     9 |     3 |    11 |     3 ||    35
         Scroll            |       |       |     9 |     8 |     9 |     9 |     5 |     5 |     5 ||    50
   Stab: Sleeping          |     5 |     9 |     6 |     2 |       |     6 |     7 |     9 |     2 ||    46
         Distracted        |       |       |       |     3 |     7 |    18 |    14 |    17 |    17 ||    76
         Petrified         |       |       |       |       |     5 |     8 |       |       |       ||    13
         Invisible         |       |       |       |       |     1 |       |       |    10 |       ||    11
         Paralysed         |       |       |       |       |       |       |       |     2 |     1 ||     3
 Armour: Skin              |    20 |    39 |    84 |   413 |   965 |  1420 |   623 |   447 |   251 ||  4262
  Dodge: Dodged            |    25 |    42 |   117 |   323 |   781 |  2131 |   795 |  1251 |  1442 ||  6907
  Block: Other             |       |       |       |       |       |       |       |       |     2 ||     2
   Form: Serpent           |       |       |       |     1 |       |       |       |       |       ||     1
         Statue            |       |       |       |       |       |     1 |       |     1 |       ||     2
         Storm             |       |       |       |       |       |       |       |     2 |       ||     2

Table legend: (Time is in decaauts)
 A = Elapsed time spent in this place.
 B = Non-inter-level travel time spent in this place.
 C = Inter-level travel time spent in this place.
 D = Time resting spent in this place.
 E = Time spent auto-exploring this place.
 F = Levels seen in this place.
 G = Mean time per level.
                   A        B        C        D        E       F      G
               +--------+--------+--------+--------+--------+-----+--------+
         Total |  87461 |  80011 |   7450 |   2940 |  62134 |  59 | 1482.4 |
       Dungeon |  16393 |  13885 |   2508 |    178 |  10560 |  15 | 1092.9 |
        Temple |      1 |      1 |      0 |      0 |      0 |   1 |    1.0 |
          Lair |   7109 |   6271 |    838 |    260 |   4581 |   5 | 1421.8 |
        Shoals |   7861 |   7262 |    599 |     42 |   6057 |   4 | 1965.2 |
   Spider Nest |   7235 |   6978 |    257 |     73 |   5372 |   4 | 1808.8 |
    Slime Pits |   4068 |   3974 |     94 |   1568 |   1621 |   5 |  813.6 |
  Orcish Mines |   3081 |   2548 |    533 |     96 |   1788 |   2 | 1540.5 |
   Elven Halls |   8510 |   8150 |    360 |    170 |   7019 |   3 | 2836.7 |
        Vaults |  12943 |  11220 |   1723 |     31 |   9353 |   5 | 2588.6 |
         Crypt |   5043 |   4916 |    127 |      2 |   4201 |   3 | 1681.0 |
        Depths |   7570 |   7197 |    373 |    501 |   5942 |   4 | 1892.5 |
          Hell |   1067 |   1035 |     32 |      0 |    834 |   1 | 1067.0 |
   Pandemonium |   3490 |   3490 |      0 |      9 |   2644 |   3 | 1163.3 |
         Trove |     82 |     82 |      0 |      0 |     64 |   1 |   82.0 |
      Ice Cave |    944 |    944 |      0 |      0 |    623 |   1 |  944.0 |
    Desolation |   1539 |   1539 |      0 |      3 |   1162 |   1 | 1539.0 |
      Gauntlet |    518 |    518 |      0 |      4 |    308 |   1 |  518.0 |
               +--------+--------+--------+--------+--------+-----+--------+

Top non-repeatable levels by time:
   Elf:3: 3726 daAuts
Vaults:2: 3376 daAuts
Depths:4: 2981 daAuts
Vaults:4: 2857 daAuts
Vaults:3: 2741 daAuts
 Crypt:3: 2534 daAuts
Shoals:4: 2499 daAuts
   Elf:1: 2437 daAuts
Vaults:1: 2361 daAuts
  Lair:5: 2356 daAuts
   Elf:2: 2347 daAuts
Shoals:3: 2251 daAuts
Spider:1: 2228 daAuts
Spider:4: 2162 daAuts
Depths:2: 2097 daAuts
